 Dungeon Crawl Stone Soup version 0.31.0-1-g2c135a0 (webtiles) character file.

Game seed: 11340539679882288148

26329 Trash5 the Tortoise (level 12, -1/115 HPs)
             Began as a Minotaur Berserker on Jan 23, 2024.
             Was an Elder of Trog.
             Slain by a death yak (17 damage)
             ... on level 4 of the Lair of Beasts on Feb 5, 2024.
             The game lasted 01:13:33 (15238 turns).

Trash5 the Tortoise (Minotaur Berserker)           Turns: 15238, Time: 01:13:33

Health: -1/115     AC: 21    Str: 23    XL:     12   Next: 97%
Magic:  11/11      EV:  9    Int:  4    God:    Trog [****..]
Gold:   945        SH:  0    Dex: 14    Spells: 11/11 levels left

rFire   + . .        p - +6 shillelagh "Devastator" {shatter}
rCold   . . .        (no shield)
rNeg    . . .        b - +2 plate armour
rPois   .            (helmet restricted)
rElec   .            (no cloak)
rCorr   .            q - +0 pair of gloves
SInv    .            (no boots)
Will    .....        o - amulet of magic regeneration Stlth
                     r - ring of protection from fire
HPRegen 0.39/turn    l - ring of flight
MPRegen 0.52/turn

%: no passive effects
@: on berserk cooldown, flying, slowed, very slow
A: horns 2, retaliatory headbutt
a: Renounce Religion, Berserk, Trog's Hand, Brothers in Arms


You were on level 4 of the Lair of Beasts.
You worshipped Trog.
Trog was greatly pleased with you.
You visited 3 branches of the dungeon, and saw 15 of its levels.

You collected 945 gold pieces.

Inventory:

Hand Weapons
 p - the +6 shillelagh "Devastator" (weapon) {shatter}
   (You found it on level 3 of the Dungeon)
Armour
 b - a +2 plate armour (worn)
 q - a +0 pair of gloves (worn)
Jewellery
 l - a ring of flight (right hand)
 o - an amulet of magic regeneration (around neck)
 r - a ring of protection from fire (left hand)
Talismans
 a - a blade talisman
 u - a flux talisman
 y - a storm talisman
 A - a beast talisman
Wands
 n - a wand of mindburst (23)
 C - a wand of flame (57)
 G - a wand of charming (23)
 J - a wand of iceblast (11)
Scrolls
 c - 2 scrolls of teleportation
 e - a scroll of enchant weapon
 h - 3 scrolls of vulnerability
 i - a scroll of immolation
 k - a scroll of revelation
 t - a scroll of blinking {unknown}
 B - a scroll of amnesia
 E - a scroll of acquirement {unknown}
 F - a scroll of poison {unknown}
 K - a scroll of fear {unknown}
Potions
 d - 2 potions of curing
 f - 2 potions of cancellation
 g - 2 potions of enlightenment
 j - a potion of lignification
 m - 4 potions of heal wounds
 s - 2 potions of resistance
 v - 2 potions of haste
 w - 3 potions of degeneration
 x - a potion of invisibility
 z - a potion of ambrosia
 D - 2 potions of brilliance {unknown}
 H - a potion of attraction {unknown}
 I - a potion of berserk rage


   Skills:
 + Level 13.4 Fighting
 - Level 5.7(10.9) Axes
 - Level 14.4(14.8) Maces & Flails
 + Level 16.7 Armour
 + Level 3.7 Dodging
 - Level 0.1 Stealth
 + Level 0.6 Shapeshifting


You had 11 spell levels left.
You didn't know any spells.
Your spell library was empty.

Dungeon Overview and Level Annotations

Branches:
Dungeon (9/15)             Temple (0/1) D:4            Lair (5/5) D:9
  Swamp (0/4) Lair:3        Snake (1/4) Lair:3
  Slime: Lair:4-5       Orc: D:9-12

Altars:
Dithmenos
Fedhas
Hepliaklqana
Nemelex Xobeh
Ru
Vehumet
Wu Jian
Xom
Yredelemnul
The Shining One

Shops:
D:4 (   D:8 :


Innate Abilities, Weirdness & Mutations

You have a pair of horns on your head.
You reflexively headbutt those who attack you in melee.


Message History

The death yak is moderately wounded.
The death yak gores you but does no damage.
You hit the death yak.
The death yak shudders.
The death yak is moderately wounded. x2
The death yak closely misses you.
You hit the death yak but do no damage.
The death yak is moderately wounded.
The death yak barely misses you. You furiously retaliate!
You headbutt the death yak!
Okay, then.
You thump the death yak!
The death yak shudders.
The death yak is severely wounded.
You headbutt the death yak.
The death yak is severely wounded.
You completely miss the death yak. You headbutt the death yak!
The death yak is almost dead.
The death yak gores you but does no damage.
Okay, then.
You sock the death yak!
The death yak shudders.
You kill the death yak!
Trog accepts your kill.
The death yak gores you but does no damage.
The death yak gores you!
You hit the death yak.
The death yaks shudder.
The death yak is lightly wounded. x4
The death yak gores you!
You hit the death yak but do no damage. You headbutt the death yak!
The death yak is lightly wounded.
The death yak closely misses you. The death yak gores you.
The death yak completely misses you.
You barely miss the death yak. You headbutt the death yak!
You punch the death yak.
The death yak is moderately wounded.
The death yak gores you but does no damage. x2
The death yak gores you!
Your ogre goes berserk!
The death yak gores you! The death yak gores you!!
* * * LOW HITPOINT WARNING * * *
The death yak gores you!
You die...

...............
..................<.......
.................................
.................##..............
.................................
.................................
.................................
...............Y.....#...........
............##.Y@................
.....†>...#....#Y.O..............
......†.......##.................
......†......#...................
...†..........##.................
.................................
.................................
....................#............
#...................#............


You could see 3 death yaks and a friendly ogre (summoned, berserk).

Vanquished Creatures
  2 hydras
  A two-headed ogre (D:8)
  2 death yaks (Lair:4)
  Amaemon (Lair:3)
  Pikel (D:7)
  The ghost of Vixxxy the Shooter, a novice KoHu of Dithmenos (D:6)
  6 black mambas
  9 cane toads
  Maggie (D:7)
  6 komodo dragons
  A rime drake (Lair:3)
  A hornet (D:9)
  24 yaks
  A fire elemental (Lair:2)
  A wraith (D:9)
  A wyvern (Lair:4)
  3 basilisks
  4 steam dragons
  The ghost of dobyrch the Insei, an amateur MfSh (D:4)
  Edmund (D:4)
  A naga (Lair:3)
  An acid dragon (D:8)
  Duvessa (D:6)
  10 water moccasins
  An orc warrior (D:8)
  4 black bears
  A sky beast (D:6)
  22 wolves
  3 ogres
  4 lemures (D:7)
  4 kobold brigands
  Blork the orc (D:6)
  17 bullfrogs
  9 wights
  Dowan (D:6)
  5 killer bees (D:9)
  4 howler monkeys
  An electric eel (Lair:2)
  A lava snake (Lair:2)
  7 orc priests
  2 bombardier beetles
  6 hounds
  A jelly (D:4)
  A sleepcap (D:7)
  5 iguanas
  3 orc wizards
  Robin (D:4)
  3 gnolls
  10 adders
  A shadow imp (D:6)
  A white imp (D:6)
  6 dart slugs
  A ribbon worm (D:5)
  25 orcs
  6 bats
  8 endoplasms
  4 giant cockroaches
  15 goblins
  11 hobgoblins
  2 jackals (D:3)
  3 quokkas
  2 ball pythons
  8 frilled lizards
  27 kobolds
  4 rats
322 creatures vanquished.

Vanquished Creatures (collateral kills)
  A swamp dragon (Lair:3)
  Joseph (D:7)
  2 cane toads
  An orange demon (Lair:3)
  7 yaks
  A basilisk (Lair:2)
13 creatures vanquished.

Grand Total: 335 creatures vanquished

Notes
Turn   | Place    | Note
-------+----------+-------------------------------------------
     0 | D:1      | Trash5 the Minotaur Berserker began the quest for the Orb.
     0 | D:1      | Reached XP level 1. HP: 19/19 MP: 0/0
   158 | D:1      | Reached XP level 2. HP: 27/27 MP: 1/1
   868 | D:2      | Reached XP level 3. HP: 30/33 MP: 2/2
  1283 | D:2      | Reached XP level 4. HP: 37/41 MP: 3/3
  1288 | D:2      | Reached skill level 5 in Axes
  1513 | D:2      | Reached ** piety under Trog
  2293 | D:3      | Found the +6 shillelagh "Devastator" {shatter}
  2302 | D:3      | Reached skill level 3 in Armour
  2483 | D:3      | Reached XP level 5. HP: 47/47 MP: 4/4
  2552 | D:3      | Found a shadowy altar of Dithmenos.
  2596 | D:3      | Found a radiant altar of Vehumet.
  2993 | D:3      | Found a basalt altar of Yredelemnul.
  3267 | D:4      | Found a runed translucent gate.
  3267 | D:4      | Found a runed translucent gate.
  3267 | D:4      | Found a runed translucent gate.
  3268 | D:4      | Noticed dobyrch's ghost (amateur MfSh)
  3304 | D:4      | Killed dobyrch's ghost
  3305 | D:4      | Reached skill level 1 in Maces & Flails
  3305 | D:4      | Reached skill level 4 in Armour
  3305 | D:4      | Reached XP level 6. HP: 55/55 MP: 5/5
  3368 | D:4      | Found a staircase to the Ecumenical Temple.
  3390 | D:4      | Noticed Robin
  3402 | D:4      | Reached *** piety under Trog
  3409 | D:4      | Killed Robin
  3491 | D:4      | Reached skill level 5 in Fighting
  3496 | D:4      | Reached skill level 5 in Armour
  3591 | D:4      | Found Bosom's Weapon Boutique.
  3843 | D:4      | Found a sparkling altar of Nemelex Xobeh.
  3987 | D:4      | Reached XP level 7. HP: 61/61 MP: 6/6
  4271 | D:4      | Noticed Edmund
  4282 | D:4      | Killed Edmund
  4283 | D:4      | Reached skill level 6 in Armour
  4333 | D:4      | Found a hazy altar of Hepliaklqana.
  4333 | D:4      | Found a faded altar of an unknown god.
  4379 | D:4      | You fall into a shaft and drop 2 floors!
  4510 | D:6      | Reached skill level 5 in Maces & Flails
  4553 | D:6      | Reached XP level 8. HP: 62/70 MP: 7/7
  4582 | D:5      | Entered Level 5 of the Dungeon
  5757 | D:5      | Reached skill level 7 in Armour
  5789 | D:5      | Found a blossoming altar of Fedhas.
  5937 | D:5      | Found a glowing golden altar of the Shining One.
  5988 | D:5      | Identified the +2 ring mail of Tiynyebb {rC++}
  6385 | D:6      | Noticed Duvessa
  6385 | D:6      | Noticed Dowan
  6390 | D:6      | Killed Duvessa
  6390 | D:6      | Killed Dowan
  6567 | D:6      | Reached skill level 8 in Armour
  6577 | D:6      | Found a sacrificial altar of Ru.
  6727 | D:6      | Noticed Blork the orc
  6734 | D:6      | Killed Blork the orc
  6780 | D:6      | Found a runed translucent door.
  6783 | D:6      | Noticed Vixxxy's ghost (novice KoHu)
  6791 | D:6      | Reached XP level 9. HP: 77/77 MP: 8/8
  6794 | D:6      | Killed Vixxxy's ghost
  6890 | D:6      | Reached skill level 10 in Maces & Flails
  7403 | D:6      | Reached **** piety under Trog
  7499 | D:7      | Noticed Joseph
  7534 | D:7      | Killed Joseph
  7535 | D:7      | Reached skill level 9 in Armour
  7790 | D:7      | Noticed Pikel
  7797 | D:7      | Killed Pikel
  7798 | D:7      | Reached XP level 10. HP: 86/86 MP: 9/9
  7948 | D:7      | Noticed Maggie
  7959 | D:7      | Killed Maggie
  8165 | D:7      | Found an ornate altar of the Wu Jian Council.
  8468 | D:8      | Found Riomerr's Tiny Tomes.
  8987 | D:8      | Noticed a two-headed ogre
  8999 | D:8      | Killed a two-headed ogre
  9000 | D:8      | Reached skill level 10 in Armour
  9375 | D:9      | Found a staircase to the Lair.
  9947 | D:9      | Identified the +3 long sword "Goblinbane" {freeze, Int+9}
 10125 | Lair:1   | Entered Level 1 of the Lair of Beasts
 10190 | Lair:1   | Reached XP level 11. HP: 95/95 MP: 10/10
 10258 | Lair:1   | Reached skill level 11 in Armour
 10259 | Lair:1   | Reached ***** piety under Trog
 10593 | Lair:1   | Reached skill level 12 in Armour
 10849 | Lair:1   | Reached skill level 10 in Fighting
 11617 | Lair:2   | Reached skill level 13 in Armour
 11820 | Lair:2   | Noticed a five-headed hydra
 11832 | Lair:2   | Killed a five-headed hydra
 11850 | Lair:2   | Reached skill level 14 in Armour
 11850 | Lair:2   | Reached XP level 12. HP: 50/110 MP: 11/11
 12951 | Lair:3   | Found a staircase to the Snake Pit.
 13028 | Lair:3   | Noticed Amaemon
 13041 | Lair:3   | Killed Amaemon
 13042 | Lair:3   | Reached skill level 15 in Armour
 13047 | Lair:3   | Received a gift from Trog
 13448 | Lair:3   | Found a staircase to the Swamp.
 13668 | Lair:3   | Reached skill level 16 in Armour
 14004 | Lair:3   | Found a shimmering altar of Xom.
 14473 | Snake:1  | Entered Level 1 of the Snake Pit
 15009 | Lair:4   | Noticed an eight-headed hydra
 15015 | Lair:4   | Killed an eight-headed hydra
 15201 | Lair:4   | Noticed a death yak
 15208 | Lair:5   | Entered Level 5 of the Lair of Beasts
 15214 | Lair:4   | Killed a death yak
 15214 | Lair:4   | Noticed a death yak
 15227 | Lair:4   | Noticed a death yak
 15227 | Lair:4   | Noticed a death yak
 15227 | Lair:4   | Noticed a death yak
 15233 | Lair:4   | Killed a death yak
 15238 | Lair:4   | Slain by a death yak

Illustrated notes

Levels and vault maps discovered:
D:1:      psy_arrival_heroes, layout_loops_cross, due_unseen_surprise
D:2:      layout_basic, minmay_misc_feat_nine_boxes, minivault_4
D:3:      layout_basic, lemuel_round_altar, mainiacjoe_overflow_two_lobes,
          minmay_cupped
D:4:      black_bear_nest_1, layout_gridville, lemuel_crystal_altar,
          beargit_hepliaklqana_dungeon_heroes, temple_green, serial_shops,
          nicolae_shop_bloodbath_and_beyond, ebering_ghost_rock_garden,
          uniq_robin
D:5:      layout_rooms, fedhas_altar_4, kennysheep_mini_moat
D:6:      dreamdust_elfheim, layout_cave_pools, mainiacjoe_overflow_alcove_1,
          ebering_ghost_sewer_d, roderic_lattice_a, uniq_blork_the_orc
D:7:      layout_gridville, nzn_wu_jian_council_hall, uniq_pikel, uniq_joseph,
          uniq_maggie
D:8:      layout_basic, serial_glass, glass_columns_c, glass_columns_c,
          glass_columns_a, glass_columns_b, glass_columns_a, glass_columns_a,
          glass_columns_a, glass_columns_a, nicolae_shop_i_like_small_books_too
D:9:      layout_irregular_city, david_lair_shrubbed
Lair:1:   beast_lair_carwin_large_2, layout_small_grid, grunt_megastairs_5
Lair:2:   layout_gridlike, infiniplex_staircase_pool
Lair:3:   layout_regular_city, mainiacjoe_swamp_entry_lozenge_pond,
          guppyfry_snake_entry_island, basic_altar, beast_lair_carwin_11,
          uniq_amaemon
Lair:4:   layout_hall_layers
Lair:5:   grunt_lair_end_beastmaster, layout_regular_city, slime_entry_1
Snake:1:  layout_basic, lemuel_fruit_tree, serial_bayou_shore_b, uniq_donald

Skill      XL: |  1  2  3  4  5  6  7  8  9 10 11 12 |
---------------+-------------------------------------+-----
Axes           | 4 5 |  5.7
Fighting       | 4 5 6 7 8 11 13 | 13.4
Armour         | 3 4 5 6 8 9 10 14 16 | 16.7
Maces & Flails | 1 3 6 8 12 14 | 14.4
Dodging        | 3 |  3.7
Stealth        | |  0.1
Shapeshifting  | |  0.6

Action                     |  1- 3 |  4- 6 |  7- 9 | 10-12 || total
---------------------------+-------+-------+-------+-------++-------
  Melee: Hand axe          |    71 |    84 |       |       ||   155
         Headbutt          |     8 |    16 |    13 |    58 ||    95
         Punch             |     1 |     2 |     2 |     5 ||    10
         Shillelagh        |       |    29 |   125 |   305 ||   459
 Invoke: Berserk           |       |     1 |     9 |     8 ||    18
         Brothers in Arms  |       |       |     1 |     4 ||     5
    Use: Scroll            |       |     1 |       |    12 ||    13
         Potion            |       |     2 |     4 |     5 ||    11
 Armour: Animal skin       |     4 |       |       |       ||     4
         Ring mail         |    20 |       |       |       ||    20
         Plate armour      |    40 |   104 |   101 |   274 ||   519
  Dodge: Dodged            |    53 |    40 |    55 |   113 ||   261
         Form:             |       |     1 |     3 |     2 ||     6
         Blade             |       |     1 |     1 |       ||     2
         Storm             |       |       |     1 |       ||     1
         Flux              |       |       |     1 |       ||     1
         Beast             |       |       |       |     2 ||     2
